 Dungeon Crawl Stone Soup version 0.29.1-12-g30fa7ad0bf (webtiles) character file.

Game seed: 13893270409328210042

2102 kingsuperguy the Cleaver (level 9, 0/78 HPs)
             Began as a Hill Orc Monk on Dec 19, 2022.
             Was a Priest of Beogh.
             Slain by a wolf (7 damage)
             ... in a bailey.
             The game lasted 00:19:02 (10679 turns).

kingsuperguy the Cleaver (Hill Orc Monk)           Turns: 10679, Time: 00:19:02

Health: 0/78       AC:  8    Str: 17 (18) XL:     9   Next: 28%
Magic:  9/9        EV: 12    Int: 10      God:    Beogh [***...]
Gold:   416        SH:  5    Dex: 15      Spells: 8/8 levels left

rFire   . . .      SeeInvis .   c - +11 morningstar "Qichik" {vamp, rCorr Dex+2}
rCold   . . .      Faith    .   (no shield)
rNeg    . . .      Spirit   .   k - +0 ring mail
rPois   +          Reflect  +   (no helmet)
rElec   .          Harm     .   (no cloak)
rCorr   +          Rampage  .   (no gloves)
Will    .....                   q - +1 pair of boots
Stlth   ++........              l - amulet of reflection
HPRegen 0.23/turn               o - ring of poison resistance
MPRegen 0.11/turn               (no ring)

@: about to teleport, studying Fighting
A: no striking features
a: Renounce Religion, Smiting


You were in a bailey.
You worshipped Beogh.
Beogh was most pleased with you.
You visited 1 branch of the dungeon, and saw 7 of its levels.
You also visited: Bailey.

You collected 416 gold pieces.

Inventory:

Hand Weapons
 a - a +2 hand axe
 c - the +11 morningstar "Qichik" (weapon) {vamp, rCorr Dex+2}
   (You took it off a gnoll bouda in a bailey)

   It occasionally heals its wielder for a portion of the damage dealt when it
   wounds a living foe.
   Dex:       It affects your dexterity (+2).
   rCorr:     It protects you from acid and corrosion.
Missiles
 h - 4 throwing nets (quivered)
 v - 8 poisoned darts
Armour
 b - a +0 robe
 k - a +0 ring mail (worn)
 q - a +1 pair of boots (worn)
Jewellery
 l - an amulet of reflection (around neck)
 m - a +4 ring of protection
 o - a ring of poison resistance (left hand)
Scrolls
 f - 2 scrolls of identify
 g - a scroll of immolation
 n - a scroll of noise
 r - a scroll of vulnerability
 t - 2 scrolls of fog
 x - a scroll of silence
 y - a scroll of magic mapping
Potions
 w - 2 potions of cancellation


   Skills:
 + Level 6.7 Fighting
 + Level 10.0(10.1) Axes
 * Level 2.1(5.7) Maces & Flails
 + Level 0.4 Throwing
 + Level 6.2 Armour
 + Level 4.3 Dodging
 + Level 2.5 Stealth
 + Level 2.9 Shields


You had 8 spell levels left.
You didn't know any spells.
Your spell library contained the following spells:

 Spells                   Type           Power      Damage    Failure   Level
 Poisonous Vapours        Pois/Air       0%         N/A       67%         2
 Call Canine Familiar     Summ           0%         N/A       88%         3
 Portal Projectile        Hex/Tloc       0%         N/A       88%         3
 Stone Arrow              Conj/Erth      0%         3d7       88%         3
 Animate Armour           Summ/Erth      0%         N/A       99%         4
 Corpse Rot               Necr/Pois/Air  0%         N/A       99%         4
 Leda's Liquefaction      Hex/Erth       0%         N/A       99%         4
 Lehudib's Crystal Spear  Conj/Erth      0%         10d2      100%        8


Dungeon Overview and Level Annotations

Branches:
Dungeon (7/15)             Temple (0/1) D:4          Bailey (1/1)

Altars:
Cheibriados
Nemelex Xobeh
The Shining One

Shops:
D:6 :

Annotations:
D:3 3 runed translucent doors, mdk's ghost, weakling MiMo


Message History

You block the wolf's attack. The wolf closely misses you.
The wolf attacks as you move away! The wolf bites you but does no damage.
The wolf misses you.
There is an open door here.
The wolf bites you but does no damage.
There is an open door here.
Things that are here:
a +0 trident; a +0 ring mail You puncture the wolf!
You feel better.
You kill the wolf!
Beogh accepts your kill.
The wolf pauses to sniff the ground.
You block the wolf's attack.
You feel your strength returning.
Your base Maces & Flails skill increases to level 2!
The wolf bites you but does no damage. The wolf closely misses you.
You block the wolf's attack. The gnoll sergeant closely misses you.
The gnoll sergeant hits you with a +0 halberd!
Things that are here:
a +0 trident; a +0 scale mail You barely miss the gnoll sergeant.
The wolf barely misses you. The gnoll sergeant misses you.
The wolf completely misses you.
The gnoll sergeant hits you from afar with a +0 glaive!
The gnoll sergeant hits you with a +0 halberd!
You closely miss the gnoll sergeant. The wolf bites you.
* * * LOW HITPOINT WARNING * * *
You block the wolf's attack. The gnoll sergeant closely misses you.
Okay, then.
As you read the scroll of teleportation, it crumbles to dust.
You feel strangely unstable. The wolf misses you. The wolf bites you!
* * * LOW HITPOINT WARNING * * *
The gnoll sergeant hits you with a +0 halberd.
* * * LOW HITPOINT WARNING * * *
The gnoll sergeant barely misses you. The wolf bites you but does no damage.
The wolf bites you.
* * * LOW HITPOINT WARNING * * *
The wolf bites you!
You die...

♣≈.######'''######.≈♣
♣≈.# #...# .≈♣
♣≈#####'#.).# #≈♣
♣≈#.... #...# ≈♣
♣≈#8... ##)##
♣≈#....##)..## ♣≈
...##.....## ♣≈
..#..)....#
♣≈###'#...8.)@#
#...#...).h.# .
#...##.....## ..
#...g##..g## ...
#8...g##g## ...8
#.....#...#.....
##....'...'....#
##...#...#...##
#####...#####


You could see 2 gnoll sergeants and a wolf.

Vanquished Creatures
  Prince Ribbit (D:6)
  Sigmund (D:3)
  Menkaure (D:6)
  A sky beast (D:6)
  Duvessa (D:6)
  2 ice beasts (D:6)
  A black bear (D:6)
  A wolf (Bailey)
  3 gnoll sergeants (Bailey)
  Dowan (D:6)
  A killer bee (D:7)
  3 hounds
  2 orc priests (D:4)
  2 jellies (D:6)
  5 gnoll boudas (Bailey)
  Crazy Yiuf (D:6)
  3 iguanas
  2 orc wizards
  Robin (D:2)
  9 gnolls (Bailey)
  11 adders
  2 worms
  A dart slug (D:4)
  6 orcs
  7 endoplasms
  4 giant cockroaches (D:1)
  17 goblins
  10 hobgoblins
  6 jackals
  3 quokkas
  6 ball pythons
  4 bats
  2 frilled lizards (D:1)
  5 kobolds
  3 rats (D:1)
129 creatures vanquished.

Vanquished Creatures (others)
  An orc priest (D:3)
1 creature vanquished.

Grand Total: 130 creatures vanquished

Notes
Turn   | Place    | Note
-------+----------+-------------------------------------------
     0 | D:1      | kingsuperguy the Hill Orc Monk began the quest for the Orb.
     0 | D:1      | Reached XP level 1. HP: 19/19 MP: 1/1
   173 | D:1      | Reached XP level 2. HP: 19/27 MP: 2/2
   763 | D:2      | Reached XP level 3. HP: 32/33 MP: 3/3
  1139 | D:2      | Reached skill level 5 in Axes
  1547 | D:2      | Reached XP level 4. HP: 32/40 MP: 4/4
  1609 | D:2      | Found a faded altar of an unknown god.
  2032 | D:3      | Noticed Robin
  2177 | D:2      | Killed Robin
  2230 | D:3      | Became a worshipper of Beogh the Brigand
  2230 | D:3      | Reached * piety under Beogh
  2230 | D:3      | Reached ** piety under Beogh
  2248 | D:3      | Noticed Sigmund
  2254 | D:3      | Reached XP level 5. HP: 36/46 MP: 5/5
  2359 | D:4      | Found a snail-covered altar of Cheibriados.
  2396 | D:4      | Found a staircase to the Ecumenical Temple.
  2411 | D:4      | Reached skill level 1 in Armour
  2637 | D:4      | Found a sparkling altar of Nemelex Xobeh.
  2865 | D:3      | Killed Sigmund
  2866 | D:3      | Reached skill level 6 in Axes
  2866 | D:3      | Reached XP level 6. HP: 15/53 MP: 6/6
  3357 | D:3      | Found a runed translucent gate.
  3357 | D:3      | Found a runed translucent gate.
  3357 | D:3      | Found a runed translucent gate.
  3359 | D:3      | Noticed mdk's ghost (weakling MiMo)
  3991 | D:4      | Found a glowing golden altar of the Shining One.
  4189 | D:4      | Reached skill level 1 in Shields
  4198 | D:4      | Reached XP level 7. HP: 43/60 MP: 7/7
  4509 | D:5      | Entered Level 5 of the Dungeon
  5801 | D:5      | Reached skill level 7 in Axes
  6049 | D:6      | Noticed Menkaure
  6060 | D:6      | Killed Menkaure
  6061 | D:6      | Reached skill level 5 in Fighting
  6437 | D:6      | Noticed Duvessa
  6438 | D:6      | Noticed Dowan
  6457 | D:6      | Killed Dowan
  6458 | D:6      | Reached XP level 8. HP: 32/68 MP: 8/8
  6462 | D:6      | Killed Duvessa
  6463 | D:6      | Reached skill level 8 in Axes
  6748 | D:6      | Reached skill level 5 in Armour
  6841 | D:6      | Found Saggyowu's Tremendous Tomes.
  6871 | D:6      | Identified the +6 plate armour of the Mind {rN+ Will+
                  | rCorr}
  6891 | D:6      | Noticed Prince Ribbit
  7478 | D:6      | Killed Prince Ribbit
  7801 | D:6      | Found a runed translucent door.
  7802 | D:6      | Noticed Crazy Yiuf
  8009 | D:6      | Reached skill level 9 in Axes
  8817 | D:6      | Killed Crazy Yiuf
  9206 | D:7      | Found a flagged portal.
  9228 | Bailey   | Entered a bailey
  9567 | Bailey   | Reached *** piety under Beogh
  9568 | Bailey   | Reached XP level 9. HP: 20/75 MP: 9/9
  9585 | Bailey   | Identified a scroll of acquirement
  9586 | Bailey   | Acquired a manual of Fighting
 10290 | Bailey   | Identified the +11 morningstar "Qichik" {vamp, rCorr Dex+2}
 10635 | Bailey   | Reached skill level 10 in Axes
 10635 | Bailey   | Reached skill level 1 in Maces & Flails
 10679 | Bailey   | Slain by a wolf

Illustrated notes

Levels and vault maps discovered:
D:1:      wander_arrival_lonely_grave, layout_rooms
D:2:      layout_basic, hellmonk_ecumenical_altar_prayer_group, minmay_ruptured
D:3:      layout_basic, gammafunk_ghost_split, chequers_serial_rivers_small_a,
          grunt_ministairs_11, uniq_robin, uniq_sigmund
D:4:      layout_loops_ring, mainiacjoe_overflow_cross_hatched,
          kennysheep_mini_moat, tso_altar, minmay_temple_entry_proselytizer,
          dk_rats_in_the_wall
D:5:      layout_basic, gammafunk_ghost_smash, kennysheep_small_spiral
D:6:      layout_basic, serial_rivers, chequers_serial_rivers_small_a,
          chequers_serial_rivers_marsh, chequers_serial_rivers_micro_b,
          chequers_serial_rivers_micro_e, nicolae_shop_i_like_big_books,
          hangedman_decor_growths, uniq_duvessa, uniq_menkaure,
          uniq_prince_ribbit1, uniq_crazy_yiuf_cottage
D:7:      layout_layer_cave, nicolae_ru_sacrificial_ziggurat, enter_bailey_3
Bailey:   bailey_polearm_gnolls_kennysheep, bailey

Skill      XL: |  1  2  3  4  5  6  7  8  9 |
---------------+----------------------------+-----
Fighting       | 4 5 6 |  6.7
Axes           | 5 6 7 9 10 | 10.0
Dodging        | 3 4 |  4.3
Stealth        | 2 |  2.5
Armour         | 2 3 4 6 |  6.2
Shields        | 1 2 |  2.9
Maces & Flails | 2 |  2.1
Throwing       | |  0.4

Action                   |  1- 3 |  4- 6 |  7- 9 || total
-------------------------+-------+-------+-------++-------
Melee: Hand axe          |    95 |   183 |   366 ||   644
       Punch             |       |     4 |     6 ||    10
       Morningstar       |       |       |    35 ||    35
Throw: Dart              |       |       |     9 ||     9
       Throwing net      |       |       |     1 ||     1
Invok: Convert to Beogh  |       |     1 |       ||     1
  Use: Potion            |       |     2 |    12 ||    14
       Scroll            |       |       |    18 ||    18
 Stab: Sleeping          |     1 |     2 |     1 ||     4
       Distracted        |     1 |       |       ||     1
Armor: Robe              |    17 |       |       ||    17
       Ring mail         |     7 |    72 |    87 ||   166
       Skin              |       |       |     8 ||     8
Dodge: Dodged            |    56 |    96 |   259 ||   411
Block: Other             |       |    34 |    99 ||   133
       Reflection        |       |     3 |       ||     3
